| TOP OF THE 1ST |
|
Grand Junction Rockies batting - Pitching for Johnson City Cardinals : LHP Hylnur Albertsson
|
|
Pitching: LHP Hylnur Albertsson
|
|
|
Batting: RHB Juan Figueroa
|
0-0: Ball 1-0: Ball 2-0: Called Strike 2-1: Ball 3-1: Foul Ball, location: 2F 3-2: Base on Balls
|
|
Batting: RHB Doug D'Onofrio
|
0-0: Ball 1-0: Ball 2-0: Ball 3-0: Called Strike 3-1: Foul Ball, location: 2F 3-2: Foul Ball, location: 2F 3-2: Reached on error, E6 (Groundball, 6S, EV 65.6 MPH) Juan Figueroa to second
|
|
Batting: RHB Ray Insley
|
0-0: Ball 1-0: Ball 2-0: Ball 3-0: Called Strike 3-1: Base on Balls Juan Figueroa to third Doug D'Onofrio to second
|
|
Batting: LHB Luke Coulter
|
0-0: Ball 1-0: Fly out, F4 (Flyball, 4D, EV 84.4 MPH)
|
|
Batting: RHB John Stevenson
|
0-0: Grounds into double play, 6-4-3 (Groundball, 6M, EV 90.0 MPH)
|
| Top of the 1st over - 0 runs, 0 hits, 1 error, 2 left on base; Grand Junction 0 - Johnson City 0 |
| BOTTOM OF THE 1ST |
|
Johnson City Cardinals batting - Pitching for Grand Junction Rockies : RHP Dave Shanks
|
|
Pitching: RHP Dave Shanks
|
|
|
Batting: RHB Nick Latulippe
|
0-0: Ball 1-0: Ground out 5-3 (Groundball, 56, EV 83.1 MPH)
|
|
Batting: SHB Justin Towry
|
0-0: Called Strike 0-1: Ball 1-1: Ball 2-1: Ball 3-1: Base on Balls
|
|
Batting: LHB Ken Compton
|
0-0: Fly out, F9 (Line Drive, 9, EV 90.6 MPH)
|
|
Batting: RHB Herbert Loveless
|
0-0: Called Strike 0-1: Ball Justin Towry steals 2nd base 1-1: Ball 2-1: Foul Ball, location: 2F 2-2: 2-RUN HOME RUN (Flyball, 78XD, EV 108.1 MPH), Distance : 423 ft
|
|
Batting: RHB Geoff Musico
|
0-0: Foul Ball, location: 2F 0-1: Ground out 6-3 (Groundball, 6, EV 86.2 MPH)
|
| Bottom of the 1st over - 2 runs, 1 hit, 0 errors, 0 left on base; Grand Junction 0 - Johnson City 2 |
| TOP OF THE 2ND |
|
Grand Junction Rockies batting - Pitching for Johnson City Cardinals : LHP Hylnur Albertsson
|
|
Batting: SHB Jamie Mims
|
0-0: Fly out, F8 (Flyball, 8RM, EV 95.6 MPH)
|
|
Batting: RHB Zakhar Edelman
|
0-0: Ball 1-0: Ball 2-0: Swinging Strike 2-1: Called Strike 2-2: Fly out, F9 (Flyball, 9, EV 87.5 MPH)
|
|
Batting: LHB Harry Folsom
|
0-0: Foul Ball, location: 2F 0-1: Fly out, F8 (Flyball, 8LM, EV 84.4 MPH)
|
| Top of the 2nd over - 0 runs, 0 hits, 0 errors, 0 left on base; Grand Junction 0 - Johnson City 2 |
| BOTTOM OF THE 2ND |
|
Johnson City Cardinals batting - Pitching for Grand Junction Rockies : RHP Dave Shanks
|
|
Batting: LHB Ken Morehead
|
0-0: Called Strike 0-1: Ball 1-1: Ball 2-1: Swinging Strike 2-2: Strikes out swinging
|
|
Batting: RHB Bobby Miles
|
0-0: Ball 1-0: Called Strike 1-1: Swinging Strike 1-2: Ball 2-2: Strikes out swinging
|
|
Batting: RHB Edgar Klockow
|
0-0: Swinging Strike 0-1: Ball 1-1: Foul Ball, location: 2F 1-2: Strikes out looking
|
| Bottom of the 2nd over - 0 runs, 0 hits, 0 errors, 0 left on base; Grand Junction 0 - Johnson City 2 |
| TOP OF THE 3RD |
|
Grand Junction Rockies batting - Pitching for Johnson City Cardinals : LHP Hylnur Albertsson
|
|
Batting: RHB Randy Breitbart
|
0-0: Ball 1-0: Ball 2-0: Ground out 5-3 (Groundball, 56, EV 90.0 MPH)
|
|
Batting: RHB Juan Figueroa
|
0-0: Called Strike 0-1: Ball 1-1: Ball 2-1: Called Strike 2-2: Foul Ball, location: 2F 2-2: Ball 3-2: Foul Ball, location: 2F 3-2: Foul Ball, location: 2F 3-2: Foul Ball, location: 2F 3-2: Base on Balls
|
|
Batting: RHB Doug D'Onofrio
|
0-0: SINGLE (Groundball, 6, EV 96.2 MPH) Juan Figueroa to second
|
|
Batting: RHB Ray Insley
|
0-0: Ball 1-0: Called Strike 1-1: Ball 2-1: Ground out 5-3 (Groundball, 56S, EV 71.9 MPH) Juan Figueroa to third Doug D'Onofrio to second
|
|
Batting: LHB Luke Coulter
|
0-0: Ground out 1-3 (Groundball, 13S, EV 73.1 MPH)
|
| Top of the 3rd over - 0 runs, 1 hit, 0 errors, 2 left on base; Grand Junction 0 - Johnson City 2 |
| BOTTOM OF THE 3RD |
|
Johnson City Cardinals batting - Pitching for Grand Junction Rockies : RHP Dave Shanks
|
|
Batting: RHB Sam Daw
|
0-0: Ground out 4-3 (Groundball, 4, EV 78.8 MPH)
|
|
Batting: RHB Nick Latulippe
|
0-0: Ball 1-0: SOLO HOME RUN (Flyball, 7D, EV 97.5 MPH), Distance : 387 ft
|
|
Batting: SHB Justin Towry
|
0-0: Ball 1-0: Ball 2-0: Swinging Strike 2-1: Foul Ball, location: 2F 2-2: Foul Ball, location: 2F 2-2: SOLO HOME RUN (Line Drive, 9LD, EV 95.0 MPH), Distance : 347 ft
|
|
Batting: LHB Ken Compton
|
0-0: Called Strike 0-1: Ball 1-1: SINGLE (Line Drive, 7LM, EV 112.5 MPH)
|
|
Batting: RHB Herbert Loveless
|
Pickoff Throw to First - Out! 1-3 CS 0-0: Called Strike 0-1: Ball 1-1: Swinging Strike 1-2: Ball 2-2: Foul Ball, location: 2F 2-2: Fly out, F8 (Flyball, 8LD, EV 101.9 MPH)
|
| Bottom of the 3rd over - 2 runs, 3 hits, 0 errors, 0 left on base; Grand Junction 0 - Johnson City 4 |
| TOP OF THE 4TH |
|
Grand Junction Rockies batting - Pitching for Johnson City Cardinals : LHP Hylnur Albertsson
|
|
Batting: RHB John Stevenson
|
0-0: Fly out, F9 (Flyball, 9D, EV 89.4 MPH)
|
|
Batting: SHB Jamie Mims
|
0-0: Ball 1-0: Ball 2-0: Ball 3-0: Called Strike 3-1: SINGLE (Line Drive, 56, EV 95.0 MPH)
|
|
Batting: RHB Zakhar Edelman
|
0-0: Called Strike 0-1: Ball 1-1: Swinging Strike 1-2: Fielders Choice at 2nd, 6-4 (Groundball, 6, EV 81.2 MPH)
|
|
Batting: LHB Harry Folsom
|
0-0: Ball Zakhar Edelman is caught stealing 2nd base 2-6
|
| Top of the 4th over - 0 runs, 1 hit, 0 errors, 0 left on base; Grand Junction 0 - Johnson City 4 |
| BOTTOM OF THE 4TH |
|
Johnson City Cardinals batting - Pitching for Grand Junction Rockies : RHP Dave Shanks
|
|
Batting: RHB Geoff Musico
|
0-0: Ball 1-0: Ball 2-0: Hit by Pitch
|
|
Batting: LHB Ken Morehead
|
0-0: Ball 1-0: Foul Ball, location: 2F 1-1: Ball 2-1: Ball 3-1: Base on Balls Geoff Musico to second
|
|
Batting: RHB Bobby Miles
|
0-0: Foul Ball, location: 2F 0-1: Ball 1-1: Called Strike 1-2: Strikes out swinging
|
|
Batting: RHB Edgar Klockow
|
0-0: Fly out, F8 (Flyball, 8RM, EV 90.6 MPH)
|
|
Batting: RHB Sam Daw
|
0-0: Called Strike 0-1: Ground out 4-3 (Groundball, 4, EV 77.5 MPH)
|
| Bottom of the 4th over - 0 runs, 0 hits, 0 errors, 2 left on base; Grand Junction 0 - Johnson City 4 |
| TOP OF THE 5TH |
|
Grand Junction Rockies batting - Pitching for Johnson City Cardinals : LHP Hylnur Albertsson
|
|
Batting: LHB Harry Folsom
|
0-0: Ball 1-0: Ball 2-0: Ball 3-0: Base on Balls
|
|
Batting: RHB Randy Breitbart
|
0-0: Ball 1-0: Fielders Choice at 2nd, 5-4 (Groundball, 5, EV 85.0 MPH)
|
|
Batting: RHB Juan Figueroa
|
0-0: Called Strike 0-1: Ball 1-1: Foul Ball, location: 2F 1-2: Fielders Choice at 2nd, 3-6 (Groundball, 3, EV 84.4 MPH)
|
|
Batting: RHB Doug D'Onofrio
|
0-0: Ball 1-0: Ball 2-0: Called Strike 2-1: Called Strike Juan Figueroa steals 2nd, throwing error, E2 Juan Figueroa to third 2-2: DOUBLE (Line Drive, 78D, EV 106.9 MPH) Juan Figueroa scores
|
|
Batting: RHB Ray Insley
|
0-0: Foul Ball, location: 2F 0-1: Foul Ball, location: 2F 0-2: Foul Ball, location: 2F 0-2: Ball 1-2: Foul Ball, location: 2F 1-2: Ball 2-2: Ball 3-2: 2-RUN HOME RUN (Line Drive, 78XD, EV 110.0 MPH), Distance : 437 ft
|
|
Batting: LHB Luke Coulter
|
0-0: Swinging Strike 0-1: Ball 1-1: Foul Ball, location: 2F 1-2: Ball 2-2: Ground out U3 (Groundball, 3, EV 80.6 MPH)
|
| Top of the 5th over - 3 runs, 2 hits, 1 error, 0 left on base; Grand Junction 3 - Johnson City 4 |
| BOTTOM OF THE 5TH |
|
Johnson City Cardinals batting - Pitching for Grand Junction Rockies : RHP Dave Shanks
|
|
Batting: RHB Nick Latulippe
|
0-0: Ball 1-0: Foul Ball, location: 2F 1-1: Foul Ball, location: 2F 1-2: Foul Ball, location: 2F 1-2: Ball 2-2: Strikes out looking
|
|
Batting: SHB Justin Towry
|
0-0: Swinging Strike 0-1: Swinging Strike 0-2: Ball 1-2: Strikes out looking
|
|
Batting: LHB Ken Compton
|
0-0: Called Strike 0-1: Called Strike 0-2: Ball 1-2: Ball 2-2: Foul Ball, location: 2F 2-2: SINGLE (Line Drive, 7S, EV 106.9 MPH)
|
|
Pitching: RHP Gorgonio Sigua
|
|
|
Batting: RHB Herbert Loveless
|
0-0: Ball 1-0: Swinging Strike 1-1: Called Strike 1-2: Strikes out swinging
|
| Bottom of the 5th over - 0 runs, 1 hit, 0 errors, 1 left on base; Grand Junction 3 - Johnson City 4 |
| TOP OF THE 6TH |
|
Grand Junction Rockies batting - Pitching for Johnson City Cardinals : LHP Hylnur Albertsson
|
|
Batting: RHB John Stevenson
|
0-0: Called Strike 0-1: Ball 1-1: Fly out, F3 (Popup, 3SF, EV 77.5 MPH)
|
|
Pitching: LHP Andy Fitzsimmons
|
|
|
Batting: SHB Jamie Mims
|
0-0: Ball 1-0: Ball 2-0: Ball 3-0: Called Strike 3-1: Foul Ball, location: 2F 3-2: SINGLE (Line Drive, 5D, EV 94.4 MPH)
|
|
Batting: RHB Zakhar Edelman
|
0-0: Swinging Strike 0-1: Called Strike 0-2: Ball 1-2: Ball 2-2: Strikes out swinging
|
|
Pinch Hitting: RHB Brent Montagano
|
0-0: Ball 1-0: Ball Jamie Mims steals 2nd base 2-0: Called Strike 2-1: Foul Ball, location: 2F 2-2: Foul Ball, location: 2F 2-2: Ball 3-2: Base on Balls
|
|
Pitching: LHP Heriberto Flores
|
|
|
Batting: RHB Randy Breitbart
|
0-0: Ball 1-0: Called Strike 1-1: Ball 2-1: Ball 3-1: Base on Balls Jamie Mims to third Brent Montagano to second
|
|
Batting: RHB Juan Figueroa
|
0-0: Foul Ball, location: 2F 0-1: Ball 1-1: Swinging Strike 1-2: Strikes out swinging
|
| Top of the 6th over - 0 runs, 1 hit, 0 errors, 3 left on base; Grand Junction 3 - Johnson City 4 |
| BOTTOM OF THE 6TH |
|
Johnson City Cardinals batting - Pitching for Grand Junction Rockies : RHP Gorgonio Sigua
|
|
Now at 2B: Brent Montagano
|
|
|
Batting: RHB Geoff Musico
|
0-0: Ball 1-0: Ball 2-0: Called Strike 2-1: Fly out, F8 (Flyball, 8LD, EV 91.9 MPH)
|
|
Batting: LHB Ken Morehead
|
0-0: Ball 1-0: Ground out 4-3 (Groundball, 34, EV 103.8 MPH)
|
|
Batting: RHB Bobby Miles
|
0-0: Swinging Strike 0-1: Ball 1-1: Foul Ball, location: 2F 1-2: SINGLE (Groundball, 56D, EV 95.6 MPH)
|
|
Batting: RHB Edgar Klockow
|
0-0: Ball 1-0: Ball 2-0: 2-RUN HOME RUN (Line Drive, 7LD, EV 94.4 MPH), Distance : 360 ft
|
|
Batting: RHB Sam Daw
|
0-0: Swinging Strike 0-1: DOUBLE (Line Drive, 9LD, EV 109.4 MPH)
|
|
Batting: RHB Nick Latulippe
|
0-0: Called Strike 0-1: Fly out, F7 (Line Drive, 7, EV 91.2 MPH)
|
| Bottom of the 6th over - 2 runs, 3 hits, 0 errors, 1 left on base; Grand Junction 3 - Johnson City 6 |
| TOP OF THE 7TH |
|
Grand Junction Rockies batting - Pitching for Johnson City Cardinals : LHP Heriberto Flores
|
|
Batting: RHB Doug D'Onofrio
|
0-0: Called Strike 0-1: Foul Ball, location: 2F 0-2: Ball 1-2: Foul Ball, location: 2F 1-2: SINGLE (Line Drive, 9S, EV 98.8 MPH)
|
|
Batting: RHB Ray Insley
|
0-0: Ball 1-0: Ball 2-0: Ball 3-0: Base on Balls Doug D'Onofrio to second
|
|
Pitching: RHP Jim Morse
|
|
|
Batting: LHB Luke Coulter
|
0-0: Ball 1-0: Ball 2-0: Ball 3-0: Called Strike 3-1: Base on Balls Doug D'Onofrio to third Ray Insley to second
|
|
Batting: RHB John Stevenson
|
0-0: Ball 1-0: Ball 2-0: Foul Ball, location: 2F 2-1: GRAND SLAM HOME RUN (Flyball, 7D, EV 100.0 MPH) (Inside the Park)
|
|
Batting: SHB Jamie Mims
|
0-0: Swinging Strike 0-1: Called Strike 0-2: Foul Ball, location: 2F 0-2: Ball 1-2: TRIPLE (Line Drive, 8LXD, EV 106.9 MPH)
|
|
Batting: RHB Zakhar Edelman
|
0-0: Ball 1-0: Ball 2-0: Ball 3-0: Called Strike 3-1: Foul Ball, location: 2F 3-2: Foul Ball, location: 2F 3-2: 2-RUN HOME RUN (Flyball, 7LD, EV 91.2 MPH), Distance : 359 ft
|
|
Batting: RHB Brent Montagano
|
0-0: Ball 1-0: Ball 2-0: TRIPLE (Line Drive, 89XD, EV 106.9 MPH)
|
|
Batting: RHB Randy Breitbart
|
0-0: Swinging Strike 0-1: Swinging Strike 0-2: Foul Ball, location: 2F 0-2: Strikes out swinging
|
|
Batting: RHB Juan Figueroa
|
0-0: Ball 1-0: Ball 2-0: Ball 3-0: Base on Balls
|
|
Batting: RHB Doug D'Onofrio
|
0-0: Ball Juan Figueroa is caught stealing 2nd base 2-4 1-0: Ball 2-0: Called Strike 2-1: Ball 3-1: Base on Balls
|
|
Batting: RHB Ray Insley
|
0-0: Swinging Strike 0-1: SINGLE (Line Drive, 56D, EV 97.5 MPH) Brent Montagano scores Doug D'Onofrio to second
|
|
Batting: LHB Luke Coulter
|
0-0: Called Strike 0-1: Ball 1-1: Ball 2-1: Fly out, F8 (Flyball, 8LM, EV 80.0 MPH)
|
| Top of the 7th over - 7 runs, 6 hits, 0 errors, 2 left on base; Grand Junction 10 - Johnson City 6 |
| BOTTOM OF THE 7TH |
|
Johnson City Cardinals batting - Pitching for Grand Junction Rockies : RHP Gorgonio Sigua
|
|
Now at 1B: Ray Insley
|
|
|
Now at 3B: Willie Benito
|
|
|
Batting: SHB Justin Towry
|
0-0: Ball 1-0: Ball 2-0: Foul Ball, location: 2F 2-1: Ball 3-1: Base on Balls
|
|
Pitching: RHP Zi-cheng Zhou
|
|
|
Batting: LHB Ken Compton
|
0-0: Ball 1-0: Ball 2-0: Grounds out, U3 (Groundball, 3L, EV 103.1 MPH)
|
|
Batting: RHB Herbert Loveless
|
0-0: 2-RUN HOME RUN (Flyball, 7D, EV 96.2 MPH), Distance : 389 ft
|
|
Batting: RHB Geoff Musico
|
0-0: Ball 1-0: Foul Ball, location: 2F 1-1: Ball 2-1: Foul Ball, location: 2F 2-2: Foul Ball, location: 2F 2-2: Foul Ball, location: 2F 2-2: Ball 3-2: Ground out 5-3 (Groundball, 5, EV 104.4 MPH)
|
|
Batting: LHB Ken Morehead
|
0-0: Fly out, F8 (Line Drive, 78M, EV 97.5 MPH)
|
| Bottom of the 7th over - 2 runs, 1 hit, 0 errors, 0 left on base; Grand Junction 10 - Johnson City 8 |
| TOP OF THE 8TH |
|
Grand Junction Rockies batting - Pitching for Johnson City Cardinals : RHP Jim Morse
|
|
Batting: RHB John Stevenson
|
0-0: Called Strike 0-1: SINGLE (Groundball, 6MD, EV 95.0 MPH)
|
|
Batting: SHB Jamie Mims
|
0-0: Called Strike John Stevenson steals 2nd base 0-1: Ball 1-1: SINGLE (Groundball, 34D, EV 100.0 MPH) John Stevenson to third Runner from 3rd tries for Home, SAFE, throw by RF to home
|
|
Batting: RHB Zakhar Edelman
|
0-0: Ball Jamie Mims is caught stealing 2nd base 2-4 1-0: Ball 2-0: Called Strike 2-1: Called Strike 2-2: Ball 3-2: Foul Ball, location: 2F 3-2: Base on Balls
|
|
Batting: RHB Brent Montagano
|
0-0: Called Strike 0-1: Foul Ball, location: 2F 0-2: DOUBLE (Flyball, 8RXD, EV 106.9 MPH) Zakhar Edelman to third
|
|
Batting: RHB Randy Breitbart
|
0-0: Ball 1-0: Reached on error, E6 (Groundball, 6, EV 87.5 MPH) Zakhar Edelman scores Brent Montagano to third
|
|
Batting: RHB Juan Figueroa
|
0-0: Ball 1-0: Swinging Strike 1-1: Foul Ball, location: 2F 1-2: DOUBLE (Line Drive, 9LM, EV 103.8 MPH) Brent Montagano scores Randy Breitbart to third
|
|
Pitching: LHP Mike East
|
|
|
Batting: RHB Doug D'Onofrio
|
0-0: Ball 1-0: Ball 2-0: SINGLE (Groundball, 4MD, EV 103.1 MPH) Randy Breitbart scores Juan Figueroa to third Runner from 3rd tries for Home, throw by CF and OUT! 8-2 Doug D'Onofrio to second
|
|
Batting: RHB Ray Insley
|
0-0: Ball 1-0: Foul Ball, location: 2F 1-1: Ball 2-1: Ball 3-1: Base on Balls
|
|
Batting: RHB Willie Benito
|
0-0: Called Strike 0-1: Ball Passed Ball! Doug D'Onofrio to third Ray Insley to second 1-1: Ball 2-1: Fly out, F7 (Flyball, 7D, EV 103.8 MPH)
|
| Top of the 8th over - 4 runs, 5 hits, 1 error, 2 left on base; Grand Junction 14 - Johnson City 8 |
| BOTTOM OF THE 8TH |
|
Johnson City Cardinals batting - Pitching for Grand Junction Rockies : RHP Zi-cheng Zhou
|
|
Batting: RHB Bobby Miles
|
0-0: Called Strike 0-1: Ground out 6-3 (Groundball, 6, EV 90.0 MPH)
|
|
Batting: RHB Edgar Klockow
|
0-0: Swinging Strike 0-1: Ball 1-1: Ball 2-1: Foul Ball, location: 2F 2-2: Foul Ball, location: 2F 2-2: Ball 3-2: Ground out 6-3 (Groundball, 6, EV 85.0 MPH)
|
|
Pitching: RHP Michael Conrad
|
|
|
Batting: RHB Sam Daw
|
0-0: Ball 1-0: Ball 2-0: Ball 3-0: Called Strike 3-1: Swinging Strike 3-2: Ground out 5-3 (Groundball, 56, EV 105.0 MPH)
|
| Bottom of the 8th over - 0 runs, 0 hits, 0 errors, 0 left on base; Grand Junction 14 - Johnson City 8 |
| TOP OF THE 9TH |
|
Grand Junction Rockies batting - Pitching for Johnson City Cardinals : LHP Mike East
|
|
Batting: RHB John Stevenson
|
0-0: Ground out 5-3 (Groundball, 25, EV 84.4 MPH)
|
|
Batting: SHB Jamie Mims
|
0-0: Ball 1-0: Ball 2-0: Ball 3-0: Base on Balls
|
|
Batting: RHB Zakhar Edelman
|
0-0: Called Strike 0-1: Fielders Choice at 2nd, 5-4 (Groundball, 56, EV 85.0 MPH)
|
|
Batting: RHB Brent Montagano
|
0-0: Ball 1-0: Ball Pickoff Play to 1st, Runner tries for 2nd, OUT after rundown.
|
| Top of the 9th over - 0 runs, 0 hits, 0 errors, 0 left on base; Grand Junction 14 - Johnson City 8 |
| BOTTOM OF THE 9TH |
|
Johnson City Cardinals batting - Pitching for Grand Junction Rockies : RHP Michael Conrad
|
|
Batting: RHB Nick Latulippe
|
0-0: Ball 1-0: Foul Ball, location: 2F 1-1: Swinging Strike 1-2: Strikes out looking
|
|
Batting: SHB Justin Towry
|
0-0: Foul Ball, location: 2F 0-1: Foul Ball, location: 2F 0-2: Ball 1-2: Foul Ball, location: 2F 1-2: Ground out U3 (Groundball, 34, EV 83.8 MPH)
|
|
Batting: LHB Ken Compton
|
0-0: Called Strike 0-1: SINGLE (Groundball, 34D, EV 94.4 MPH)
|
|
Batting: RHB Herbert Loveless
|
0-0: Ball 1-0: Ball 2-0: Ball 3-0: Called Strike 3-1: Base on Balls Ken Compton to second
|
|
Pitching: RHP Lorenzo Pacheco
|
|
|
Batting: RHB Geoff Musico
|
0-0: Ball 1-0: Swinging Strike 1-1: Ball 2-1: Ball 3-1: Base on Balls Ken Compton to third Herbert Loveless to second
|
|
Batting: LHB Ken Morehead
|
0-0: Ball 1-0: Ball 2-0: Called Strike 2-1: Ball Passed Ball! Ken Compton scores Herbert Loveless to third Geoff Musico to second 3-1: Base on Balls
|
|
Batting: RHB Bobby Miles
|
0-0: Called Strike 0-1: Ball 1-1: Ball 2-1: Called Strike 2-2: Foul Ball, location: 2F 2-2: Ball 3-2: Ground out 6-3 (Groundball, 6, EV 80.6 MPH)
|
| Bottom of the 9th over - 1 run, 1 hit, 0 errors, 3 left on base; Grand Junction 14 - Johnson City 9 |
|